 Dungeon Crawl Stone Soup version 0.23.2-1-ga50397a (webtiles) character file.

Game seed: 19558696591248885

186 diana the Chopper (level 5, -6/46 HPs)
             Began as a Minotaur Gladiator on May 25, 2019.
             Mangled by an orc priest
             ... wielding a +0 falchion
              (8 damage)
             ... on level 4 of the Dungeon.
             The game lasted 00:01:50 (1893 turns).

diana the Chopper (Minotaur Gladiator)              Turns: 1893, Time: 00:01:51

Health: -6/46      AC:  5    Str: 20    XL:     5   Next: 38%
Magic:  4/4        EV: 12    Int:  5    God:
Gold:   180        SH:  0    Dex: 11    Spells: 4/4 levels left

rFire    . . .     SeeInvis .   a - +0 war axe
rCold    . . .     Gourm    .   (no shield)
rNeg     . . .     Faith    .   e - +0 ring mail (curse)
rPois    .         Spirit   .   c - +0 hat
rElec    .         Reflect  .   (no cloak)
rCorr    .         Harm     .   (no gloves)
MR       .....                  (no boots)
Stlth    +.........             (no amulet)
HPRegen  0.15/turn              (no ring)
MPRegen  0.09/turn              (no ring)

@: no status effects
A: retaliatory headbutt, horns 2
a: no special abilities


You were on level 4 of the Dungeon.
You were not hungry.

You visited 1 branch of the dungeon, and saw 4 of its levels.

You collected 180 gold pieces.

Inventory:

Hand Weapons
 a - a +0 war axe (weapon)
Missiles
 d - 3 throwing nets (quivered)
Armour
 b - a +0 leather armour
 c - a +0 hat (worn)
 e - a cursed +0 ring mail (worn)
Jewellery
 v - a cursed ring of teleportation {unknown}
 w - a +4 ring of dexterity {unknown}
 x - an uncursed amulet of regeneration {unknown}
Scrolls
 i - 2 scrolls of random uselessness {unknown}
 j - 2 scrolls of immolation {unknown}
 k - a scroll of teleportation {unknown}
 m - 2 scrolls of remove curse {unknown}
 n - 3 scrolls of identify {unknown}
 p - a scroll of fog {unknown}
 s - 2 scrolls of enchant weapon {unknown}
Potions
 g - 4 potions of curing {unknown}
 h - 3 potions of heal wounds {unknown}
 l - 3 potions of agility {unknown}
 o - a potion of degeneration {unknown}
 q - a potion of magic {unknown}
 r - a potion of resistance {unknown}
 t - a potion of lignification {unknown}
 u - a potion of might {unknown}
Comestibles
 f - 10 rations


   Skills:
 + Level 3.7 Fighting
 + Level 4.7 Axes
 - Level 2.0 Throwing
 * Level 3.5 Armour
 + Level 4.2 Dodging


You had 4 spell levels left.
You didn't know any spells.
Your spell library contained the following spells:

 Spells                   Type           Power        Failure   Level  Hunger
 Shock                    Conj/Air       #...         65%         1    ##.....
 Swiftness                Chrm/Air       #.......     78%         2    ###....
 Static Discharge         Conj/Air       #.......     95%         3    ####...
 Airstrike                Air            #.........   100%        4    #####..
 Lightning Bolt           Conj/Air       #.........   100%        5    ######.


Dungeon Overview and Level Annotations

Branches:
Dungeon (4/15)
 Temple: D:4-7

Altars:
Gozag
Nemelex Xobeh
Qazlal
Sif Muna
Trog
Uskayaw
Wu Jian


Innate Abilities, Weirdness & Mutations

You reflexively headbutt those who attack you in melee.
You have a pair of horns on your head.


Message History

You kill the orc priest!
You barely miss the orc priest. The orc priest closely misses you.
You furiously retaliate!
You headbutt the orc priest. You barely miss the orc priest.
You headbutt the orc priest.
The orc priest is heavily wounded.
The orc priest barely misses you.
You barely miss the orc priest.
The orc priest is heavily wounded.
The orc priest hits you but does no damage.
You closely miss the orc priest. You headbutt the orc priest.
The orc priest is heavily wounded.
The orc priest calls down the wrath of Beogh upon you.
Beogh smites you!
* * * LOW HITPOINT WARNING * * *
The orc priest hits you with a +0 falchion.
* * * LOW HITPOINT WARNING * * *
You closely miss the orc priest. You headbutt the orc priest.
The orc priest is severely wounded.
The orc priest hits you with a +0 falchion!
You die...

#########
#†o...... #@#
#.#### #.##..
.. # #†##.#
.#.# #.##.#
.#.##
#.##.###....##
#............#
####.##.......
####.##.......


You could see an orc priest.

Vanquished Creatures
  An orc priest (D:4)
  2 worker ants (D:4)
  3 adders
  2 worms
  3 dart slugs
  2 leopard geckos (D:1)
  8 orcs
  A ball python (D:2)
  2 giant cockroaches
  9 goblins
  5 hobgoblins
  4 jackals (D:1)
  A kobold (D:1)
  5 bats
  8 frilled lizards
  10 rats
66 creatures vanquished.

Notes
Turn   | Place    | Note
-------+----------+-------------------------------------------
     0 | D:1      | diana the Minotaur Gladiator began the quest for the Orb.
     0 | D:1      | Reached XP level 1. HP: 18/18 MP: 0/0
    19 | D:1      | Reached XP level 2. HP: 15/25 MP: 1/1
    83 | D:1      | Reached skill level 1 in Armour
   290 | D:1      | Reached XP level 3. HP: 30/30 MP: 2/2
   644 | D:2      | Found a bloodstained altar of Trog.
   650 | D:2      | Found an ornate altar of the Wu Jian Council.
   650 | D:2      | Found a hide-covered altar of Uskayaw.
   653 | D:2      | Found a stormy altar of Qazlal.
   686 | D:2      | Found a deep blue altar of Sif Muna.
   957 | D:3      | Reached XP level 4. HP: 37/38 MP: 3/3
  1273 | D:3      | Found a sparkling altar of Nemelex Xobeh.
  1274 | D:3      | Found an opulent altar of Gozag.
  1862 | D:4      | Reached XP level 5. HP: 42/45 MP: 4/4
  1892 | D:4      | HP: 1/46 [orc priest/+0 falchion (2)]
  1893 | D:4      | Mangled by an orc priest

Skill      XL: |  1  2  3  4 |
---------------+-------------+-----
Axes           | 4 |  4.7
Armour         | 1 2 3 |  3.5
Fighting       | 3 |  3.7
Dodging        | 4 |  4.2
Throwing       | |  2.0

Action                   |  1- 3 |  4- 6 || total
-------------------------+-------+-------++-------
Melee: War axe           |    75 |    51 ||   126
       Headbutt          |     7 |    12 ||    19
  Eat: Chunk             |       |     3 ||     3
Armor: Leather armour    |     6 |       ||     6
       Ring mail         |    18 |    10 ||    28
Dodge: Dodged            |    52 |    39 ||    91
